 Dungeon Crawl Stone Soup version 0.28.0 (webtiles) character file.

Game seed: 3297121946505166635

172 Jonnyslop the Skirmisher (level 5, -1/34 HPs)
             Began as a Gargoyle Fighter on July 12, 2022.
             Killed from afar by Ijyb (8 damage)
             ... with a puff of flame
             ... on level 2 of the Dungeon.
             The game lasted 00:05:18 (3357 turns).

Jonnyslop the Skirmisher (Gargoyle Fighter)         Turns: 3357, Time: 00:05:19

Health: -1/34      AC: 13    Str: 22    XL:     5   Next: 52%
Magic:  5/5        EV:  9    Int:  8    God:
Gold:   92         SH:  4    Dex:  9    Spells: 4/4 levels left

rFire   . . .      SeeInvis .   a - +0 trident
rCold   . . .      Faith    .   c - +0 buckler
rNeg    + . .      Spirit   .   b - +0 scale mail
rPois   ∞          Reflect  .   (no helmet)
rElec   +          Harm     .   i - +1 cloak
rCorr   .          Rampage  .   (no gloves)
Will    .....                   (no boots)
Stlth   ..........              (no amulet)
HPRegen 0.11/turn               (no ring)
MPRegen 0.09/turn               (no ring)

@: mighty
A: sickness immunity, AC +4, negative energy resistance 1, electricity
resistance, torment resistance 1, petrification resistance
a: no special abilities


You were on level 2 of the Dungeon.
You visited 1 branch of the dungeon, and saw 3 of its levels.

You collected 92 gold pieces.

Inventory:

Hand Weapons
 a - a +0 trident (weapon)
Armour
 b - a +0 scale mail (worn)
 c - a +0 buckler (worn)
 i - a +1 cloak (worn)
Jewellery
 d - a ring of fire
Scrolls
 g - a scroll of torment
 k - a scroll of fear
Potions
 e - a potion of mutation {unknown}
 f - a potion of lignification
 h - a potion of haste


   Skills:
 + Level 4.6 Fighting
 * Level 4.2 Polearms
 - Level 3.2 Armour
 - Level 3.2 Shields


You had 4 spell levels left.
You didn't know any spells.
Your spell library was empty.

Dungeon Overview and Level Annotations

Branches:
Dungeon (3/15)

Altars:
Beogh

Annotations:
D:2 Ijyb
D:3 Sigmund


Innate Abilities, Weirdness & Mutations

You are immune to sickness and miasma.
Your stone body is resilient. (AC +4)
You are immune to poison.
You resist negative energy. (rN+)
You are resistant to electric shocks. (rElec)
You are resistant to unholy torment.
You are immune to petrification.


Message History

You climb upwards.
Reactivating autopickup.
There is a stone staircase leading down here.
You feel very mighty all of a sudden. Ijyb closely misses you.
You barely miss Ijyb. Ijyb hits you but does no damage.
Ijyb hits you with a +0 dagger.
You barely miss Ijyb.
Ijyb zaps a wand.
The puff of flame hits you!
You closely miss Ijyb. Ijyb hits you but does no damage.
You barely miss Ijyb. Ijyb hits you but does no damage.
You closely miss Ijyb.
Ijyb zaps a wand.
The puff of flame misses you.
You hit Ijyb.
Ijyb is lightly wounded.
Ijyb zaps a wand.
The puff of flame hits you.
You are too injured to fight recklessly!
You are too injured to fight recklessly!
You barely miss Ijyb.
Ijyb is lightly wounded.
Ijyb zaps a wand.
The puff of flame hits you.
You closely miss Ijyb.
Ijyb is lightly wounded.
Ijyb zaps a wand.
The puff of flame hits you!
* * * LOW HITPOINT WARNING * * *
Ijyb barely misses you.
You closely miss Ijyb.
Ijyb is lightly wounded.
Ijyb closely misses you.
You puncture Ijyb!
Ijyb is heavily wounded.
Ijyb zaps a wand.
The puff of flame misses you.
You closely miss Ijyb.
Ijyb is heavily wounded.
You block Ijyb's attack.
You hit Ijyb.
Ijyb is heavily wounded.
Ijyb closely misses you.
You barely miss Ijyb.
Ijyb is heavily wounded.
Ijyb zaps a wand.
The puff of flame hits you!
You die...

........#...####.###..##.##..#...
.......................<.....####
#........................###.####
##.....#########.###..##.###.....
####..# #.# #..##..####### #..#
#.# #..##..# #..# #.# #..##..#
#####..#########.# #..##..#
...............#@# #..##..###
##############.#g# #..##....#####
#...........###..###........
#.#######........# ###.##### #.#
#........# #.# ####.# ##.#######
#.# #....# #.# #.# #.#### #.# #.#
#.# ##.## #.#


You could see Ijyb.

Vanquished Creatures
  A hound (D:1)
  Crazy Yiuf (D:3)
  Terence (D:3)
  2 adders (D:3)
  A worm (D:3)
  A dart slug (D:2)
  3 orcs
  4 endoplasms
  2 giant cockroaches
  2 goblins (D:3)
  7 hobgoblins
  7 jackals
  4 kobolds
  4 quokkas
  9 bats
  A frilled lizard (D:1)
  11 rats
61 creatures vanquished.

Notes
Turn   | Place    | Note
-------+----------+-------------------------------------------
     0 | D:1      | Jonnyslop the Gargoyle Fighter began the quest for the Orb.
     0 | D:1      | Reached XP level 1. HP: 14/14 MP: 1/1
    89 | D:1      | Reached XP level 2. HP: 19/19 MP: 2/2
   730 | D:1      | Reached XP level 3. HP: 24/24 MP: 3/3
  1194 | D:2      | Reached XP level 4. HP: 29/29 MP: 4/4
  2143 | D:3      | Noticed Terence
  2190 | D:3      | Killed Terence
  2191 | D:3      | Reached XP level 5. HP: 21/34 MP: 5/5
  2532 | D:3      | Found a runed translucent door.
  2533 | D:3      | Noticed Crazy Yiuf
  2535 | D:3      | Identified the +0 mace of the Thoughtful Yaks {distort,
                  | rPois Int+3}
  2545 | D:3      | Killed Crazy Yiuf
  3016 | D:3      | Noticed Ijyb
  3019 | D:3      | Noticed Sigmund
  3357 | D:2      | Killed from afar by Ijyb

Illustrated notes

Levels and vault maps discovered:
D:1:      amcnicky_arrival_blooded_trapdoor, layout_loops_ring,
          nicolae_figureground_pulse
D:2:      layout_loops_ring, chequers_jeans
D:3:      layout_loops_ring, hellmonk_ecumenical_altar_defaced_shrine,
          uniq_terence, uniq_crazy_yiuf_cottage, uniq_sigmund, uniq_ijyb

Skill      XL: |  1  2  3  4  5 |
---------------+----------------+-----
Polearms       | 2 3 4 |  4.2
Fighting       | 4 |  4.6
Armour         | |  3.2
Shields        | |  3.2

Action                   |  1- 3 |  4- 6 || total
-------------------------+-------+-------++-------
Melee: Trident           |   112 |   151 ||   263
  Use: Scroll            |     6 |     3 ||     9
       Potion            |       |     4 ||     4
Armor: Scale mail        |    56 |    60 ||   116
Dodge: Dodged            |    52 |    58 ||   110
Block: Buckler           |    25 |    29 ||    54
